[Event "Team 45 45 League T38"]
[Site "Internet Chess Club"]
[Date "2008.07.24"]
[Round "1"]
[White "searchforbobby1"]
[Black "fllinc"]
[Result "1-0"]
[WhiteElo "2202"]
[BlackElo "2139"]
[Opening "French: Chigorin variation"]
[ECO "C00"]
[Time "22:33:21"]
[TimeControl "2700+45"]

1. e4 e6 2. Qe2 c5 3. g3 Nc6 4. Bg2 d5 5. d3 Nd4 6. Qd1 Nf6 7. c3 Nc6 8. Qe2
dxe4 9. dxe4 Ne5 10. Be3 Nfg4 11. Nf3 Nxe3 12. Nxe5 Nxg2+ 13. Kf1 Bd6 14. Qb5+
Kf8 15. Nf3 Nf4 16. gxf4 Bxf4 17. Qxc5+ Kg8 18. Qc4 e5 19. Na3 Bh3+ 20. Ke2 Rc8
21. Rad1 Qe7 22. Qd5 Be6 23. Qd6 Kf8 24. Rd3 Bxa2 25. Rhd1 Be6 26. Qd8+ Qxd8 27.
Rxd8+ Ke7 28. Rxh8 Rxh8 29. c4 Rd8 30. Rg1 g5 31. Nxg5 {Black disconnected and
forfeits} 1-0

[Event "Team 45 45 League T38"]
[Site "Internet Chess Club"]
[Date "2008.07.26"]
[Round "1"]
[White "Gregorio"]
[Black "DavidAbran"]
[Result "1-0"]
[WhiteElo "2182"]
[BlackElo "1879"]
[Opening "French: Rubinstein variation"]
[ECO "C03"]
[Time "10:36:20"]
[TimeControl "2700+45"]

1. e4 e6 2. d4 d5 3. Nd2 dxe4 4. Nxe4 Nd7 5. Nf3 Ngf6 6. Ng3 Bd6 7. Bd3 b6 8.
Bg5 h6 9. Bd2 Bb7 10. Qe2 O-O 11. Ne5 c5 12. Nxd7 Qxd7 13. dxc5 Bxc5 14. Bc3 Nd5
15. Bd2 e5 16. O-O-O Qa4 17. Bc4 Bd4 18. Nf5 Rac8 19. Bb3 Qd7 20. Qg4 Nf6 21.
Qxg7# {Black checkmated} 1-0

[Event "Team 45 45 League T38"]
[Site "Internet Chess Club"]
[Date "2008.07.27"]
[Round "1"]
[White "Grenadier"]
[Black "C-Jones"]
[Result "0-1"]
[WhiteElo "1684"]
[BlackElo "1626"]
[Opening "Ruy Lopez: Berlin defense, 4.O-O, d6"]
[ECO "C66"]
[Time "20:00:25"]
[TimeControl "2700+45"]

1. e4 e5 2. Nf3 Nc6 3. Bb5 Nf6 4. O-O d6 5. Re1 Bd7 6. d3 Be7 7. Nc3 O-O 8. Bg5
a6 9. Ba4 b5 10. Bb3 Na5 11. Qd2 Nxb3 12. axb3 Bg4 13. Re3 b4 14. Bxf6 Bxf6 15.
Nd5 a5 16. Qe1 c6 17. Nxf6+ Qxf6 18. Nd2 Be6 19. Rg3 h5 20. Nc4 Bxc4 21. bxc4 c5
22. Qe2 Qh6 23. Rh3 g6 24. Qf3 Kg7 25. g4 h4 26. Qe3 Qxe3 27. Rxe3 a4 28. h3 a3
29. b3 Kh6 30. Kg2 f5 31. f3 Rf6 32. Re2 Raf8 33. exf5 gxf5 34. c3 fxg4 35. fxg4
Rf3 36. cxb4 cxb4 37. d4 Rxb3 38. dxe5 dxe5 39. Rxe5 Rb2+ 40. Kg1 a2 41. c5 Rb1+
42. Re1 Rxa1 43. Rxa1 b3 {White resigns} 0-1

[Event "Team 45 45 League T38"]
[Site "Internet Chess Club"]
[Date "2008.07.26"]
[Round "1"]
[White "chesskix"]
[Black "Mantra"]
[Result "1-0"]
[WhiteElo "1608"]
[BlackElo "1547"]
[Opening "English opening"]
[ECO "A05"]
[Time "12:59:04"]
[TimeControl "2700+45"]

1. Nf3 Nf6 2. c4 g6 3. Nc3 Bg7 4. g3 O-O 5. Bg2 d6 6. O-O e5 7. d3 Nc6 8. h3 Nd7
9. Bd2 f5 10. Ng5 Nc5 11. Bd5+ Kh8 12. Nf7+ Rxf7 13. Bxf7 f4 14. h4 Nd4 15. Bd5
Nf5 16. Kg2 Bf6 17. Rh1 Nd4 18. e3 Nf5 19. exf4 Nxd3 20. fxe5 Bxe5 21. Bg5 Qf8
22. Qxd3 c6 23. Be4 Nd4 24. Ne2 Ne6 25. Nf4 Nc5 26. Qc2 Qf7 27. Rae1 Nxe4 28.
Qxe4 Bf5 29. Qe2 Re8 30. b3 Kg7 31. h5 h6 32. Bxh6+ Kf6 33. Qf3 g5 34. Ng6 Qh7
35. Nxe5 dxe5 36. Bxg5+ Kxg5 37. Qe3+ Kf6 38. f4 Qe7 39. fxe5+ Qxe5 40. Qh6+ Kf7
41. Rxe5 Rxe5 42. Rf1 Re2+ 43. Rf2 {Black resigns} 1-0

[Event "Team 45 45 League T38"]
[Site "Internet Chess Club"]
[Date "2008.07.26"]
[Round "1"]
[White "PostMike"]
[Black "fredd"]
[Result "1-0"]
[WhiteElo "1585"]
[BlackElo "1506"]
[Opening "Philidor: exchange variation"]
[ECO "C41"]
[Time "10:02:09"]
[TimeControl "2700+45"]

1. e4 e5 2. Nf3 d6 3. d4 exd4 4. Nxd4 Nf6 5. Nc3 Be7 6. f4 c6 7. Be3 O-O 8. h3
d5 9. e5 Ne4 10. Nxe4 dxe4 11. Qd2 Qd5 12. c4 Qd8 13. O-O-O a5 14. g4 f5 15.
gxf5 Bxf5 16. Nxf5 Rxf5 17. Qxd8+ Bxd8 18. Rxd8+ Kf7 19. Bg2 Ke7 20. Rhd1 {Black
resigns} 1-0

[Event "Team 45 45 League T38"]
[Site "Internet Chess Club"]
[Date "2008.07.27"]
[Round "1"]
[White "cgrau"]
[Black "rubo"]
[Result "1/2-1/2"]
[WhiteElo "1776"]
[BlackElo "1675"]
[Opening "Queen's pawn: London system"]
[ECO "A45"]
[Time "14:05:00"]
[TimeControl "2700+45"]

1. d4 Nf6 2. Bf4 g6 3. e3 Bg7 4. Nf3 c5 5. c3 cxd4 6. cxd4 O-O 7. Nc3 Qa5 8. Bd3
Nd5 9. Bxb8 Nxc3 10. Qd2 Rxb8 11. bxc3 b6 12. O-O Bb7 13. e4 Rbc8 14. Rac1 d6
15. Rfe1 Rc7 16. Qb2 Rfc8 17. c4 e6 18. Rc3 d5 19. Ra3 Qc5 20. dxc5 Bxb2 21.
Rxa7 dxe4 {Game drawn by mutual agreement} 1/2-1/2

[Event "Team 45 45 League T38"]
[Site "Internet Chess Club"]
[Date "2008.07.28"]
[Round "1"]
[White "Jozin"]
[Black "crag"]
[Result "1-0"]
[WhiteElo "1681"]
[BlackElo "1532"]
[Opening "Catalan: closed, 5.Nf3"]
[ECO "E06"]
[Time "15:00:19"]
[TimeControl "2700+45"]

1. d4 e6 2. Nf3 d5 3. c4 Nf6 4. g3 Be7 5. Bg2 O-O 6. O-O dxc4 7. e3 c5 8. dxc5
Bxc5 9. Nbd2 Nbd7 10. Nxc4 Qc7 11. Qc2 Be7 12. b3 b5 13. Nd4 Rb8 14. Nc6 bxc4
15. Nxe7+ Kh8 16. Nxc8 Rfxc8 17. bxc4 Qxc4 18. Qxc4 Rxc4 19. Ba3 Rcc8 20. Rfc1
h6 21. Bd6 Rxc1+ 22. Rxc1 Rb2 23. a3 Rd2 24. Bb4 Rd3 25. Bf1 Rb3 26. Bc4 Rb2 27.
Bd3 Rb3 28. Rc8+ Ng8 29. Bc2 Rb2 30. Rd8 Rxc2 31. Rxd7 Rc1+ 32. Kg2 Nf6 33. Rxf7
a6 34. Ra7 Rc6 35. Bf8 Ne8 36. Re7 Nc7 37. Bxg7+ Kg8 38. Bxh6 Nd5 39. Rg7+ Kh8
40. Ra7 Nc7 41. Bf4 Nb5 42. Be5+ Kg8 43. Rd7 Nxa3 44. h4 Nc4 45. Ba1 Nd6 46. h5
Nf7 47. Ra7 e5 48. Re7 Kf8 49. Ra7 Rh6 50. g4 Kg8 51. Re7 Kf8 52. Ra7 Kg8 53.
Bc3 Kf8 54. Ba5 Kg8 55. Rb7 Kf8 56. Rb6 Rxb6 57. Bxb6 Kg7 58. e4 Kf6 59. Be3 Kg7
60. Bd2 Kf6 61. Kh3 {Black resigns} 1-0

[Event "Team 45 45 League T38"]
[Site "Internet Chess Club"]
[Date "2008.07.26"]
[Round "1"]
[White "houseofcook"]
[Black "GamePlayer"]
[Result "0-1"]
[WhiteElo "1487"]
[BlackElo "1646"]
[Opening "Sicilian: Smith-Morra gambit"]
[ECO "B21"]
[Time "10:02:40"]
[TimeControl "2700+45"]

1. e4 c5 2. d4 cxd4 3. c3 dxc3 4. Nxc3 Nc6 5. Nf3 d6 6. Bc4 Nf6 7. h3 e6 8. O-O
Be7 9. Qe2 O-O 10. Rd1 Qc7 11. Bf4 Ne5 12. Nxe5 dxe5 13. Be3 a6 14. a3 Qc6 15.
Bc1 b5 16. Bb3 Bb7 17. Bc2 b4 18. axb4 Bxb4 19. Ba4 Qc7 20. Bg5 Bxc3 21. Bxf6
Bd4 22. Rdc1 Qb6 23. Qg4 g6 24. Rc2 Rac8 25. Rac1 Bxf2+ 26. Kh2 Rxc2 27. Qd1
Rxc1 28. Qxc1 Bxe4 29. Qh6 Bg1+ 30. Kh1 Bxg2+ 31. Kxg2 Qf2+ 32. Kh1 Qh2# {White
checkmated} 0-1

[Event "Team 45 45 League T38"]
[Site "Internet Chess Club"]
[Date "2008.07.29"]
[Round "1"]
[White "albacore"]
[Black "t-hobbes"]
[Result "1-0"]
[WhiteElo "1362"]
[BlackElo "1330"]
[Opening "Queen's pawn game, Chigorin variation"]
[ECO "D02"]
[Time "20:01:13"]
[TimeControl "2700+45"]

1. d4 d5 2. Nf3 Nc6 3. Bf4 Bf5 4. e3 Nb4 5. Na3 c6 6. c3 Na6 7. Bd3 Bg4 8. e4
Nf6 9. exd5 Nxd5 10. Bg3 Qb6 11. Nc4 Qd8 12. Nce5 Bh5 13. Be2 f6 14. Nd3 Qa5 15.
O-O e6 16. Nh4 Bxe2 17. Qxe2 Nac7 18. Qh5+ Kd7 19. Ng6 Rg8 20. Qxh7 Be7 21. Nxe7
Nxe7 22. Nc5+ Kc8 23. Bd6 Ncd5 24. c4 Qd8 25. cxd5 Qxd6 26. Nxe6 Qxd5 27. Rfe1
Qd6 28. Rad1 Kd7 29. Nc5+ Kc7 30. Re6 Qd5 31. Rxe7+ Kb6 32. Rxb7+ Ka5 33. Rd7
Qxa2 34. Qc2 Rab8 35. b4+ Rxb4 36. Qxa2+ Ra4 37. Qxa4+ Kb6 38. Rb7# {Black
checkmated} 1-0

[Event "Team 45 45 League T38"]
[Site "Internet Chess Club"]
[Date "2008.07.25"]
[Round "1"]
[White "b-spot"]
[Black "ChessForce"]
[Result "1-0"]
[WhiteElo "1710"]
[BlackElo "1516"]
[Opening "QGD: exchange variation"]
[ECO "D35"]
[Time "19:00:15"]
[TimeControl "2700+45"]

1. d4 d5 2. c4 e6 3. Nc3 Nf6 4. cxd5 Nxd5 5. e4 Nf6 6. Bg5 Be7 7. Nf3 Nc6 8. Be2
b6 9. Bb5 Bb7 10. d5 exd5 11. exd5 Nxd5 12. Qxd5 Qxd5 13. Nxd5 Bxg5 14. Nxc7+
Ke7 15. Nxg5 Rac8 16. Nd5+ Kf8 17. Bxc6 Bxc6 18. Ne3 f6 19. Ne6+ Kf7 20. Nd4 Bb7
21. Nb5 a6 22. Nd6+ Ke7 23. Nxc8+ Rxc8 24. O-O Kf7 25. Rac1 Rc6 26. Rxc6 Bxc6
27. Rc1 Bb5 28. Rc7+ Kg6 29. Rb7 h6 30. Rxb6 Kg5 31. g3 Kg6 32. Kg2 Kg5 33. Kf3
Bd3 34. Rd6 Bb5 35. Ke4 Kg6 36. Kd5 Kf7 37. Kc5 Kg6 38. Rb6 Be2 39. Kb4 Kg5 40.
Ka5 f5 41. Rxa6 Bxa6 42. Kxa6 f4 43. gxf4+ Kxf4 44. b4 Kf3 45. b5 Kxf2 46. Nf5
g5 47. Nxh6 Kg2 48. b6 Kxh2 49. b7 Kh3 50. b8=Q Kh4 51. Qg8 Kh5 52. Qxg5+ Kxg5
53. Kb6 Kf6 54. a4 Kg6 55. a5 Kxh6 56. a6 Kg7 57. a7 Kf6 58. a8=Q Ke5 59. Kc5
Kf4 60. Qe8 Kf5 61. Kd5 Kf4 62. Qe5+ Kf3 63. Qe4+ Kf2 64. Kd4 Kf1 65. Qc2 Ke1
66. Ke3 Kf1 67. Qf2# {Black checkmated} 1-0

[Event "Team 45 45 League T38"]
[Site "Internet Chess Club"]
[Date "2008.07.25"]
[Round "1"]
[White "Zappy"]
[Black "jazzyrick"]
[Result "1-0"]
[WhiteElo "1597"]
[BlackElo "1534"]
[Opening "Sicilian: Najdorf, Byrne (English) attack"]
[ECO "B90"]
[Time "15:29:26"]
[TimeControl "2700+45"]

1. e4 c5 2. Nf3 d6 3. d4 cxd4 4. Nxd4 Nf6 5. Nc3 a6 6. Be3 h5 7. Be2 b5 8. Nf3
Ng4 9. Bf4 Bb7 10. h3 Nf6 11. e5 Bxf3 12. Bxf3 dxe5 13. Qxd8+ Kxd8 14. Bxa8 exf4
15. O-O-O+ Kc7 16. Ne4 Nfd7 17. Bd5 e6 18. Bb3 f5 19. Nc3 Nc5 20. Ne2 e5 21. Rd5
Nbd7 22. Rhd1 Kc6 23. R5d2 Be7 24. Bd5+ Kc7 25. Be6 Nb6 26. Bxf5 Nc4 27. Rd7+
Nxd7 28. Rxd7+ Kc6 29. Rxe7 Nd6 30. Bd7+ Kd5 31. Be6+ Ke4 32. Rxg7 h4 33. Rd7
Nc4 34. Nc3# {Black checkmated} 1-0

[Event "Team 45 45 League T38"]
[Site "Internet Chess Club"]
[Date "2008.07.28"]
[Round "1"]
[White "werty"]
[Black "imawesome"]
[Result "1-0"]
[WhiteElo "1493"]
[BlackElo "1505"]
[Opening "Queen's pawn: Charlick (Englund) gambit"]
[ECO "A40"]
[Time "14:05:54"]
[TimeControl "2700+45"]

1. d4 e5 2. dxe5 Nc6 3. Nf3 Qe7 4. Nc3 Nxe5 5. e4 Nxf3+ 6. Qxf3 Nf6 7. Bd3 g6 8.
Bg5 Bg7 9. Nd5 Qd6 10. Bxf6 Bxf6 11. Qxf6 Qxf6 12. Nxf6+ Ke7 13. Nd5+ Kd8 14.
O-O-O c6 15. Nf6 Ke7 16. e5 d6 17. f4 d5 18. g4 Be6 19. f5 gxf5 20. Bxf5 Bxf5
21. gxf5 h6 22. Rhg1 Rad8 23. Rg7 Rdf8 24. Rdg1 a6 25. Rg8 Rfxg8 26. Rxg8 Rxg8
27. Nxg8+ Kd7 28. Nxh6 Ke7 29. Kd2 f6 30. Ng8+ {Black resigns} 1-0

[Event "Team 45 45 League T38"]
[Site "Internet Chess Club"]
[Date "2008.07.26"]
[Round "1"]
[White "quaksterjohny"]
[Black "rivits"]
[Result "1/2-1/2"]
[WhiteElo "1462"]
[BlackElo "1373"]
[Opening "French: advance, Paulsen attack"]
[ECO "B22"]
[Time "18:01:06"]
[TimeControl "2700+45"]

1. e4 c5 2. c3 e6 3. d4 d5 4. e5 Nc6 5. Nf3 a6 6. c4 cxd4 7. Nbd2 dxc4 8. Bxc4
b5 9. Be2 Bc5 10. Nb3 Bb6 11. O-O Nge7 12. Bg5 O-O 13. Bxe7 Qxe7 14. Nbxd4 Bxd4
15. Nxd4 Nxe5 16. Nf3 Qf6 17. b3 Bb7 18. Nxe5 Qxe5 19. Re1 Qg5 20. Bf3 Rfd8 21.
Qe2 Rd2 22. Qe3 Qxe3 23. Rxe3 Bxf3 24. Rxf3 Rad8 25. h3 Rb2 26. Rc3 h6 27. a4
Rdd2 28. axb5 axb5 29. Rf3 Ra2 30. Rc1 Rdc2 31. Rd1 Kf8 32. Rd7 f6 33. Rb7 Rc5
34. Rd3 Rd5 35. Rxd5 exd5 36. Rxb5 Rb2 37. Rxd5 Rxb3 38. f3 Kf7 39. Kf2 Ke6 40.
Ra5 g5 41. g4 Rd3 42. Kg3 Rd5 43. Rxd5 Kxd5 44. h4 Kd4 45. hxg5 fxg5 46. f4
gxf4+ 47. Kxf4 {Game drawn by mutual agreement} 1/2-1/2

[Event "Team 45 45 League T38"]
[Site "Internet Chess Club"]
[Date "2008.07.27"]
[Round "1"]
[White "RealChosenOne"]
[Black "ADIOKiddo4Ever"]
[Result "0-1"]
[WhiteElo "1697"]
[BlackElo "1648"]
[Opening "Scandinavian: Pytel-Wade variation"]
[ECO "B01"]
[Time "14:00:29"]
[TimeControl "2700+45"]

1. e4 d5 2. exd5 Qxd5 3. Nc3 Qd6 4. d4 Nf6 5. Bd3 Bg4 6. f3 Bh5 7. Nge2 Nc6 8.
Bf4 Qd7 9. O-O Bg6 10. Bxg6 hxg6 11. Qd2 O-O-O 12. Rad1 e5 13. dxe5 Qxd2 14.
Rxd2 Rxd2 15. Bxd2 Bc5+ 16. Kh1 Nxe5 17. b3 Nc6 18. h3 Re8 19. Nc1 Nd4 20. Na4
Ba3 21. c4 Nh5 22. Rd1 Rd8 23. Nc3 Ng3+ 24. Kh2 Nxf3+ 25. gxf3 Rxd2+ 26. Rxd2
Nf1+ 27. Kg2 Nxd2 28. Nd3 Be7 29. Nd5 Kd7 30. Nxe7 Kxe7 31. Kf2 Nb1 32. Ke3 Kd6
33. f4 Nc3 34. a4 a5 35. Kd4 Ne2+ 36. Ke3 Ng3 37. Kd4 c5+ 38. Ke3 Nf5+ 39. Kd2
Nd4 40. Nc1 Ke6 41. Ke3 Kf5 42. Kf2 Ke4 43. h4 Ne6 44. Ne2 Kd3 45. Kf3 Nd4+ 46.
Nxd4 cxd4 47. c5 Kc2 {White resigns} 0-1

[Event "Team 45 45 League T38"]
[Site "Internet Chess Club"]
[Date "2008.07.24"]
[Round "1"]
[White "ChessChamp"]
[Black "SATELLITE-DAN"]
[Result "1/2-1/2"]
[WhiteElo "1603"]
[BlackElo "1504"]
[Opening "Scotch gambit: Anderssen (Paulsen, Suhle) counter-attack"]
[ECO "C44"]
[Time "14:10:18"]
[TimeControl "2700+45"]

1. e4 e5 2. Nf3 Nc6 3. d4 exd4 4. Bc4 Bc5 5. O-O d6 6. c3 Bg4 7. Qb3 Qd7 8. Ng5
Nh6 9. Qxb7 Rb8 10. Qa6 Rb6 11. Qa4 O-O 12. Qc2 Ne5 13. Bd3 f6 14. b4 fxg5 15.
bxc5 dxc5 16. Bxg5 Nhf7 17. f4 Nxg5 18. fxg5 Rfb8 19. Nd2 Rb2 20. Rab1 Nxd3 21.
Qxd3 Rxb1 22. Rxb1 Rxb1+ 23. Nxb1 Be6 24. a3 Kf7 25. Nd2 Qa4 26. cxd4 Qxd4+ 27.
Qxd4 cxd4 28. Kf2 c5 29. Ke2 c4 30. Nf3 Bg4 31. Kd2 Bxf3 32. gxf3 d3 33. f4 g6
34. e5 Ke6 35. Kc3 Kd5 36. a4 a5 37. h4 Ke6 38. Kd2 Kf5 39. Kc3 Ke6 40. Kd2 Kf5
41. Kc3 Ke6 {Game drawn by repetition} 1/2-1/2

[Event "Team 45 45 League T38"]
[Site "Internet Chess Club"]
[Date "2008.07.23"]
[Round "1"]
[White "celebrat"]
[Black "Endgamer"]
[Result "1-0"]
[WhiteElo "1645"]
[BlackElo "1432"]
[Opening "Scandinavian defense"]
[ECO "B01"]
[Time "16:06:50"]
[TimeControl "2700+45"]

1. e4 d5 2. exd5 Nf6 3. Bb5+ Bd7 4. Nc3 Nxd5 5. Qf3 Nxc3 6. Bxd7+ Qxd7 7. Qxc3
Nc6 8. Nf3 f6 9. O-O e5 10. Qb3 b6 11. c3 g5 12. Qc4 h5 13. Ne1 h4 14. Qe4 f5
15. Qc4 g4 16. d3 O-O-O 17. Bg5 Re8 18. Nc2 g3 19. h3 gxf2+ 20. Rxf2 Bc5 21. Be3
Bxe3 22. Nxe3 f4 23. Ng4 Rhg8 24. Nf6 Qxh3 25. Nxg8 Rxg8 26. Qxg8+ Kb7 27. gxh3
{Black resigns} 1-0

[Event "Team 45 45 League T38"]
[Site "Internet Chess Club"]
[Date "2008.07.28"]
[Round "1"]
[White "Timotheous"]
[Black "Ernie1"]
[Result "1/2-1/2"]
[WhiteElo "1708"]
[BlackElo "1658"]
[Opening "Réti opening"]
[ECO "A11"]
[Time "18:29:52"]
[TimeControl "2700+45"]

1. Nf3 c6 2. c4 d5 3. g3 Nf6 4. Bg2 Bf5 5. Qb3 Qb6 6. O-O Qxb3 7. axb3 e6 8. d3
Bd6 9. Be3 Nbd7 10. Nd4 Bg6 11. Nc2 O-O 12. Nba3 Nc5 13. Bxc5 Bxc5 14. b4 Be7
15. b3 a5 16. bxa5 Rxa5 17. b4 Ra4 18. c5 Nd7 19. Nd4 Bf6 20. Nac2 Rfa8 21. Rxa4
Rxa4 22. Rb1 e5 23. Nb3 e4 24. dxe4 dxe4 25. e3 Bc3 26. Na5 Bxb4 27. Rxb4 Rxa5
28. Rxb7 Nf8 29. h4 Rxc5 30. Nd4 Rc1+ 31. Kh2 c5 32. Nc6 h6 33. Ne7+ Kh7 34.
Nxg6 Kxg6 35. Bxe4+ Kf6 36. Kg2 Ne6 37. f4 c4 38. Rb6 g6 39. Kf2 c3 40. Rc6 Ke7
41. Ke2 Rg1 42. Kf2 Rc1 43. Ke2 Rg1 44. Kf2 Rc1 {Game drawn by repetition}
1/2-1/2

[Event "Team 45 45 League T38"]
[Site "Internet Chess Club"]
[Date "2008.07.25"]
[Round "1"]
[White "NESKAYA"]
[Black "OGO"]
[Result "0-1"]
[WhiteElo "1684"]
[BlackElo "1645"]
[Opening "Hungarian defense"]
[ECO "C50"]
[Time "17:04:29"]
[TimeControl "2700+45"]

1. e4 e5 2. Nf3 Nc6 3. Bc4 Be7 4. c3 d6 5. h3 Nf6 6. Qc2 O-O 7. d4 exd4 8. cxd4
Nb4 9. Qe2 h6 10. a3 Nc6 11. b4 Re8 12. Bb5 Nxe4 13. d5 Bf6 14. dxc6 Nc3 15.
cxb7 Rxe2+ 16. Kf1 Bxb7 17. Nxc3 Bxc3 18. Bxe2 Bxa1 {White resigns} 0-1

[Event "Team 45 45 League T38"]
[Site "Internet Chess Club"]
[Date "2008.07.24"]
[Round "1"]
[White "philbyninety"]
[Black "Jester"]
[Result "0-1"]
[WhiteElo "1297"]
[BlackElo "1448"]
[Opening "Scotch game"]
[ECO "C45"]
[Time "08:04:28"]
[TimeControl "2700+45"]

1. e4 e5 2. Nf3 Nc6 3. d4 exd4 4. Nxd4 Nxd4 5. Qxd4 d6 6. Nc3 Nf6 7. Be2 Be7 8.
Be3 O-O 9. O-O-O c5 10. Qd2 Bd7 11. Bd3 a6 12. Kb1 b5 13. f3 Be6 14. g4 b4 15.
Ne2 Qa5 16. b3 Rfc8 17. Nf4 Bd7 18. Bc4 Bb5 19. Bxb5 axb5 20. g5 Qxa2+ {White
resigns} 0-1

[Event "Team 45 45 League T38"]
[Site "Internet Chess Club"]
[Date "2008.07.28"]
[Round "1"]
[White "andreip"]
[Black "Chessduke"]
[Result "1-0"]
[WhiteElo "2088"]
[BlackElo "2123"]
[Opening "Scandinavian (center counter) defense"]
[ECO "B01"]
[Time "11:00:23"]
[TimeControl "2700+45"]

1. e4 d5 2. exd5 Qxd5 3. Nc3 Qa5 4. d4 c6 5. Nf3 Nf6 6. Bc4 Bf5 7. Bd2 Qc7 8.
O-O e6 9. Re1 Bd6 10. h3 Nbd7 11. Nh4 Bg6 12. a4 O-O 13. Nxg6 hxg6 14. Qf3 Rad8
15. Bb3 a6 16. Ne4 Nxe4 17. Rxe4 Nf6 18. Rh4 c5 19. Bg5 Be7 20. dxc5 Qxc5 21.
Be3 Qc7 22. Rc4 Qb8 23. Bf4 Bd6 24. Bxd6 Rxd6 25. Rb4 Nd5 26. Rd4 Rfd8 27. Rad1
Qc7 28. Qg3 Qc5 29. c4 Nf4 30. Rxd6 Ne2+ 31. Kh2 Nxg3 32. Rxd8+ Kh7 33. fxg3 Qb6
34. R1d4 g5 35. Bc2+ g6 36. b3 Kg7 37. R8d7 Qc5 38. Rd1 b5 39. axb5 axb5 40. Rf1
bxc4 41. Rfxf7+ Kg8 42. Bxg6 cxb3 43. Rd8+ {Black resigns} 1-0

[Event "Team 45 45 League T38"]
[Site "Internet Chess Club"]
[Date "2008.07.26"]
[Round "1"]
[White "wonderboy"]
[Black "alin"]
[Result "1-0"]
[WhiteElo "1905"]
[BlackElo "2012"]
[Opening "Sicilian: Alapin's variation (2.c3)"]
[ECO "B22"]
[Time "10:22:55"]
[TimeControl "2700+45"]

1. e4 c5 2. c3 Nf6 3. e5 Nd5 4. d4 cxd4 5. Nf3 d6 6. cxd4 Nc6 7. Bc4 Nb6 8. Bb5
e6 9. O-O Be7 10. Nc3 O-O 11. a3 Qc7 12. Qe2 Rd8 13. Bd3 dxe5 14. dxe5 Nd7 15.
Bf4 a6 16. Rad1 b5 17. Bb1 Bb7 18. Qc2 Nf8 19. Ne4 Ng6 20. Bg3 Qb6 21. Neg5 Bxg5
22. Nxg5 Nd4 23. Rxd4 Rxd4 24. Qe2 Qc6 25. f3 Rad8 26. Ne4 Qc7 27. Nd6 Bd5 28.
Qe3 Ra4 29. Rc1 Qd7 30. b4 a5 31. Qb6 Rxa3 32. Rc7 Ra1 33. Rxd7 Rxb1+ 34. Kf2
Rxd7 35. Qxb5 Nf8 36. Qxa5 Rb2+ 37. Ke3 Ra2 38. Qb6 Rda7 39. Qd8 Rb2 40. Bh4
Ra3+ 41. Kf4 Rxg2 42. Ne4 Ra8 43. Qd7 Ng6+ 44. Ke3 Nxh4 45. Nd6 Nf5+ 46. Nxf5
Ra3+ 47. Kd4 Rd2+ 48. Kc5 Rb3 49. Qe8# {Black checkmated} 1-0

[Event "Team 45 45 League T38"]
[Site "Internet Chess Club"]
[Date "2008.07.26"]
[Round "1"]
[White "Terte"]
[Black "jonesey"]
[Result "1-0"]
[WhiteElo "2024"]
[BlackElo "1936"]
[Opening "Danish gambit: Schlechter defense"]
[ECO "C21"]
[Time "07:20:59"]
[TimeControl "2700+45"]

1. e4 e5 2. d4 exd4 3. c3 dxc3 4. Bc4 cxb2 5. Bxb2 d5 6. Bxd5 Nf6 7. Nc3 Be7 8.
Qb3 O-O 9. O-O-O Nbd7 10. Nf3 Nxd5 11. Nxd5 c6 12. Qc3 Bf6 13. Nxf6+ Qxf6 14. e5
Qe7 15. Rhe1 Re8 16. e6 Nf6 17. exf7+ Qxf7 18. Ng5 Qg6 19. Qc4+ Kh8 20. Nf7+
{Black resigns} 1-0

[Event "Team 45 45 League T38"]
[Site "Internet Chess Club"]
[Date "2008.07.25"]
[Round "1"]
[White "chessateer"]
[Black "viking99"]
[Result "1-0"]
[WhiteElo "1826"]
[BlackElo "1774"]
[Opening "French: Schlechter variation"]
[ECO "C01"]
[Time "13:00:18"]
[TimeControl "2700+45"]

1. e4 e6 2. d4 d5 3. Bd3 Nf6 4. e5 Nfd7 5. Nf3 c5 6. c3 Nc6 7. O-O cxd4 8. cxd4
Qb6 9. Bc2 Nb4 10. Bb3 a5 11. a3 Nc6 12. Nc3 Be7 13. Re1 Qa6 14. Bc2 Nf8 15. Bg5
Bd7 16. Bxe7 Nxe7 17. Rc1 Nfg6 18. Bd3 Qb6 19. Na4 Bxa4 20. Qxa4+ Nc6 21. Bb5
Ne7 22. Rc3 O-O 23. Bd3 Ng6 24. h4 Rfc8 25. g3 Qxb2 26. Rb3 Qa2 27. Bb1 Qa1 28.
Bxg6 Qxe1+ 29. Nxe1 hxg6 30. Rxb7 Nd8 31. Rb5 Rc4 32. Qd1 Nc6 33. Nf3 Rc8 34.
Rc5 Ne7 35. Rxc8+ Nxc8 36. Qb3 Ne7 37. Qb8+ Rc8 38. Qa7 Nf5 39. Qxa5 f6 40. Qa6
Rc1+ 41. Kg2 Kf7 42. Qb7+ Ne7 43. a4 Ra1 44. Qb5 Ra2 45. a5 Nf5 46. Qd7+ Ne7 47.
Qc7 Kf8 48. exf6 gxf6 49. Ne1 Nf5 50. Nd3 Ke8 51. a6 {Black forfeits on time}
1-0

[Event "Team 45 45 League T38"]
[Site "Internet Chess Club"]
[Date "2008.07.24"]
[Round "1"]
[White "Kingmaker"]
[Black "Chessrascal"]
[Result "1/2-1/2"]
[WhiteElo "1853"]
[BlackElo "2191"]
[Opening "King's Indian: London system"]
[ECO "A48"]
[Time "19:56:46"]
[TimeControl "2700+45"]

1. d4 Nf6 2. Nf3 g6 3. Bf4 Bg7 4. e3 O-O 5. Bc4 d5 6. Bd3 Nbd7 7. Nbd2 c5 8. c3
Re8 9. h3 cxd4 10. cxd4 b6 11. O-O Bb7 12. Rc1 Rc8 13. Qa4 a6 14. Bxa6 Ra8 15.
Bxb7 Rxa4 16. Bc7 Rxa2 17. Bxd8 Rxd8 18. Rc2 e6 19. Rfc1 Bf8 20. b3 Ra7 21. Bc6
Bd6 22. Bxd7 Rdxd7 23. Ne5 Bxe5 24. dxe5 Ne8 25. Rc8 Kf8 26. Rb8 Rdb7 27. Rcc8
Rxb8 28. Rxb8 Ra6 29. b4 Ra1+ 30. Nf1 Ke7 31. Rxb6 Kd7 32. f4 Nc7 33. Kf2 Kc8
34. Ng3 Rb1 35. Ne2 Rb2 36. Kf3 Na8 37. Rb5 Nc7 38. Rb6 Na8 39. Rb5 Nc7 40. Rb6
{Game drawn by repetition} 1/2-1/2

[Event "Team 45 45 League T38"]
[Site "Internet Chess Club"]
[Date "2008.07.25"]
[Round "1"]
[White "BadHabitMarco"]
[Black "imgr8"]
[Result "0-1"]
[WhiteElo "1985"]
[BlackElo "1966"]
[Opening "Sicilian: Labourdonnais-Löwenthal (Kalashnikov) variation"]
[ECO "B32"]
[Time "09:00:17"]
[TimeControl "2700+45"]

1. e4 c5 2. Nf3 Nc6 3. d4 cxd4 4. Nxd4 e5 5. Nb5 d6 6. N1c3 a6 7. Na3 b5 8. Nd5
Nge7 9. c3 Nxd5 10. Qxd5 Qc7 11. Be3 Be6 12. Qd2 Be7 13. Nc2 Rd8 14. f4 d5 15.
f5 dxe4 16. Qf2 Bc8 17. Bb6 Qd7 18. Bxd8 Nxd8 19. Ne3 Bg5 20. Rd1 Bxe3 21. Qxe3
Qxf5 22. Qb6 Bd7 23. Be2 Qe6 24. Qc7 Qe7 25. O-O f6 26. Rd6 Ne6 27. Qb8+ Kf7 28.
Qxh8 Qxd6 29. Bh5+ Ke7 30. Qg8 Qc5+ 31. Kh1 Qc6 32. Rd1 Be8 33. Qxh7 Bxh5 34.
Qxh5 Nf4 35. Qh8 Kf7 36. Rd8 e3 37. Qg8+ Kg6 38. Rd5 Qxd5 39. Qe8+ Qf7 40. Qc6
e2 41. Qe4+ f5 42. Qxe5 Qe6 {White resigns} 0-1

[Event "Team 45 45 League T38"]
[Site "Internet Chess Club"]
[Date "2008.07.27"]
[Round "1"]
[White "irock"]
[Black "Paulkov"]
[Result "0-1"]
[WhiteElo "1749"]
[BlackElo "1921"]
[Opening "KP: Nimzovich defense"]
[ECO "B00"]
[Time "14:24:18"]
[TimeControl "2700+45"]

1. e4 Nc6 2. Nc3 d6 3. d4 Nf6 4. Nf3 Bg4 5. d5 Nb8 6. Be3 c6 7. Be2 g6 8. O-O
Bg7 9. h3 Bxf3 10. Bxf3 Nbd7 11. Bf4 O-O 12. Re1 Rc8 13. Qd2 Re8 14. Rad1 c5 15.
g4 Nb6 16. Be2 a6 17. Kg2 Nfd7 18. Rh1 Ne5 19. Bxe5 Bxe5 20. h4 e6 21. h5 Qf6
22. Qh6 Bf4 23. Qxf4 Qxf4 24. hxg6 hxg6 25. Rh3 Kg7 26. Rdh1 Rh8 {White resigns}
0-1